 Dungeon Crawl Stone Soup version 0.29.1-13-g9f3cf754e1 (webtiles) character file.

Game seed: 16711589117661012201

63 Heoruswealwe the Grave Robber (level 3, 0/19 HPs)
             Began as a Deep Elf Necromancer on Feb 10, 2023.
             Slain by an adder (3 damage)
             ... on level 3 of the Dungeon.
             The game lasted 00:26:20 (2018 turns).

Heoruswealwe the Grave Robber (DENe)                Turns: 2018, Time: 00:26:23

Health: 0/19       AC:  2    Str:  5    XL:     3   Next: 87%
Magic:  2/10       EV: 12    Int: 21    God:
Gold:   112        SH:  0    Dex: 15    Spells: 4/9 levels left

rFire   . . .      SeeInvis .   g - +0 dagger
rCold   . . .      Faith    .   (no shield)
rNeg    . . .      Spirit   .   l - +0 robe
rPois   .          Reflect  .   (no helmet)
rElec   .          Harm     .   (no cloak)
rCorr   .          Rampage  .   (no gloves)
Will    .....                   (no boots)
Stlth   ++........              w - amulet of the acrobat
HPRegen 0.06/turn               (no ring)
MPRegen 0.12/turn               (no ring)

@: no status effects
A: no striking features
a: no special abilities


You were on level 3 of the Dungeon.
You visited 1 branch of the dungeon, and saw 3 of its levels.

You collected 112 gold pieces.

Inventory:

Hand Weapons
 g - a +0 dagger (weapon)
 h - a +0 spear
 i - a +0 dagger
 q - a +0 club
 s - a +0 dagger
 t - a +0 hand axe
 v - a +0 short sword
 B - a +0 short sword
 C - a +0 dagger
 E - a +0 club
Missiles
 f - 28 stones
 k - 7 poisoned darts
Armour
 a - a +0 robe
 d - a +0 ring mail
 l - a +0 robe (worn)
 p - a +0 leather armour
 x - a +0 robe
 y - a +0 leather armour
 D - a +0 ring mail
Jewellery
 w - an amulet of the acrobat (around neck)
Scrolls
 e - 2 scrolls of silence {unknown}
 j - a scroll of poison {unknown}
 n - 2 scrolls of identify {unknown}
 o - a scroll of butterflies {unknown}
 r - a scroll of enchant weapon {unknown}
 F - a scroll of blinking {unknown}
Potions
 c - a potion of mutation {unknown}
 m - a potion of attraction {unknown}
 u - a potion of degeneration {unknown}
 z - a potion of lignification {unknown}
 A - a potion of heal wounds {unknown}


   Skills:
 + Level 0.2 Fighting
 + Level 0.4 Short Blades
 + Level 2.6 Dodging
 + Level 2.5 Stealth
 * Level 3.5 Spellcasting
 + Level 0.2 Conjurations
 + Level 0.3 Hexes
 + Level 0.2 Summonings
 * Level 5.0 Necromancy
 + Level 0.3 Translocations
 + Level 0.9 Transmutations
 + Level 1.0 Fire Magic
 + Level 0.2 Ice Magic
 + Level 0.4 Air Magic
 + Level 0.4 Earth Magic
 + Level 0.3 Poison Magic
 + Level 0.4 Invocations
 + Level 0.6 Evocations


You had 4 spell levels left.
You knew the following spells:

 Your Spells              Type           Power      Damage    Failure   Level
a - Necrotise             Necr           96%        1d8       1%          1
b - Vampiric Draining     Necr           24%        2d7       4%          3
c - Magic Dart            Conj           16%        1d3       12%         1

Your spell library contained the following spells:

 Spells                   Type           Power      Damage    Failure   Level
 Animate Dead             Necr           24%        N/A       16%         4
 Call Imp                 Summ           4%         N/A       17%         2
 Mephitic Cloud           Conj/Pois/Air  5%         N/A       32%         3
 Agony                    Necr           24%        N/A       41%         5


Dungeon Overview and Level Annotations

Branches:
Dungeon (3/15)

Altars:
Uskayaw


Message History

The orc priest begins to cast a cantrip, but forgets the words!
You completely miss the adder.
The adder is severely wounded.
The adder barely misses you. x2
Casting: Necrotise (safe; 1% risk of failure)
Confirm with . or Enter, or press ? or * to list all spells.
Aiming: Necrotise (safe; 1% risk of failure)
Press: ? - help, Shift-Dir - straight line, f/p - adder
Aim: an adder (severely wounded, chance to affect: 88%)
The adder writhes in agony.
The adder barely misses you.
Casting: Necrotise (safe; 1% risk of failure)
Confirm with . or Enter, or press ? or * to list all spells.
The spell is quite dangerous to miscast (4% risk of failure)!
Continue anyway?
Aiming: Vampiric Draining (quite dangerous; 4% risk of failure)
Press: ? - help, Shift-Dir - straight line, f - adder, p - adder
Aim: an adder You draw life force from the adder!
You feel life coursing into your body.
The adder closely misses you. x2; The adder barely misses you.
Your magical contamination has completely faded away.
Casting: Vampiric Draining (quite dangerous; 4% risk of failure)
Confirm with . or Enter, or press ? or * to list all spells.
The spell is quite dangerous to miscast (4% risk of failure)!
Continue anyway?
Aiming: Vampiric Draining (quite dangerous; 4% risk of failure)
Press: ? - help, Shift-Dir - straight line, f - orc wizard, p - adder
Aim: an orc wizard, wielding a +0 dagger and wearing a +0 robe You draw life force from the orc wizard!
The adder closely misses you. The adder bites you. x2
The orc priest mumbles some strange prayers to Beogh against you.
Beogh smites you!
Ouch! That really hurt!
* * * LOW HITPOINT WARNING * * *
Casting: Vampiric Draining (quite dangerous; 4% risk of failure)
Confirm with . or Enter, or press ? or * to list all spells.
Aiming: Necrotise (safe; 1% risk of failure)
Press: ? - help, Shift-Dir - straight line, f/p - orc wizard
Aim: an orc wizard, wielding a +0 dagger and wearing a +0 robe (heavily wounded, chance to affect: 83%)
The adder writhes in agony!
You kill the adder!
The dead are slithering!
The adder bites you.
You die...

.........
.........
##.......##
#..........
#..........
#..........
#.So.......
#@.oo..)..(
##o......#
#Z.....## #.######
#.# #.####
#....########## #
##.....##.....##.
##................


You could see an orc priest, an orc wizard, an adder, 2 orcs and a friendly
adder skeleton.

Vanquished Creatures
  3 adders
  4 dart slugs
  An orc (D:3)
  4 endoplasms
  2 giant cockroaches
  4 goblins
  3 hobgoblins
  A quokka (D:2)
  3 ball pythons
  A bat (D:2)
  2 frilled lizards
  2 kobolds (D:3)
  5 rats
35 creatures vanquished.

Vanquished Creatures (collateral kills)
  A ball python (D:1)
1 creature vanquished.

Grand Total: 36 creatures vanquished

Notes
Turn   | Place    | Note
-------+----------+-------------------------------------------
     0 | D:1      | Heoruswealwe the Deep Elf Necromancer began the quest for
                  | the Orb.
     0 | D:1      | Reached XP level 1. HP: 10/10 MP: 6/6
   512 | D:1      | Found a faded altar of an unknown god.
   602 | D:1      | Prayed at the altar of an unknown god.
   602 | D:1      | Became a worshipper of Uskayaw the Reveller
   602 | D:1      | Reached * piety under Uskayaw
   604 | D:1      | Fell from the grace of Uskayaw
   683 | D:1      | Reached XP level 2. HP: 14/15 MP: 4/8
  1012 | D:2      | Reached skill level 5 in Necromancy
  1024 | D:2      | Reached XP level 3. HP: 18/19 MP: 2/9
  1078 | D:2      | Learned a level 3 spell: Vampiric Draining
  1462 | D:2      | Learned a level 1 spell: Magic Dart
  2007 | D:3      | Reached skill level 1 in Fire Magic
  2018 | D:3      | Slain by an adder

Illustrated notes

Levels and vault maps discovered:
D:1:      heliophobic_arrival_battle_scene, layout_basic,
          hellmonk_ecumenical_altar_lost_god
D:2:      layout_loops_ring, kennysheep_generic_room_11
D:3:      layout_rooms, pf_guarded_unrand_woodcutter

Skill      XL: |  1  2  3 |
---------------+----------+-----
Necromancy     | 5 |  5.0
Fire Magic     | 1 |  1.0
Fighting       | |  0.2
Short Blades   | |  0.4
Dodging        | |  2.6
Stealth        | |  2.5
Spellcasting   | |  3.5
Conjurations   | |  0.2
Hexes          | |  0.3
Summonings     | |  0.2
Translocations | |  0.3
Transmutations | |  0.9
Ice Magic      | |  0.2
Air Magic      | |  0.4
Earth Magic    | |  0.4
Poison Magic   | |  0.3
Invocations    | |  0.4
Evocations     | |  0.6

Action                   || total
-------------------------++-------
Melee: Dagger            ||     1
 Cast: Necrotise         ||    61
       Vampiric Draining ||     4
Invok: Renounce Religion ||     1
  Use: Potion            ||     1
Armor: Robe              ||     1
Dodge: Dodged            ||    20
